 Dungeon Crawl Stone Soup version 0.26-a0-1129-gc5df7fbe6a (webtiles) character file.

Game seed: 14458424744109314847

190 sasd the Skirmisher (level 5, -3/46 HPs)
             Began as a Ghoul Fighter on Dec 19, 2020.
             Slain by a gnoll
             ... wielding a +0 halberd
              (8 damage)
             ... on level 4 of the Dungeon.
             The game lasted 00:29:07 (4594 turns).

sasd the Skirmisher (Ghoul Fighter)                 Turns: 4594, Time: 00:29:07

Health: -3/46      AC: 12    Str: 20    XL:     5   Next: 69%
Magic:  4/4        EV:  3    Int:  4    God:
Gold:   114        SH:  9    Dex:  8    Spells: 4/4 levels left

rFire    . . .     SeeInvis .   w - +6 whip
rCold    + . .     Faith    .   b - +0 kite shield
rNeg     + + +     Spirit   .   u - +1 plate armour
rPois    ∞         Reflect  .   (no helmet)
rElec    .         Harm     .   (no cloak)
rCorr    .         Rampage  .   (no gloves)
Will     .....                  (no boots)
Stlth    ..........             (no amulet)
HPRegen  0.00/turn              (no ring)
MPRegen  0.09/turn              (no ring)

@: no status effects
A: claws 1, cold resistance 1, negative energy resistance 3, inhibited
regeneration, torment resistance, unbreathing
a: no special abilities


You were on level 4 of the Dungeon.
You visited 1 branch of the dungeon, and saw 4 of its levels.

You collected 114 gold pieces.

Inventory:

Hand Weapons
 k - a +0 mace
 o - a +0 dagger
 p - a +0 short sword
 r - a +0 hand axe
 s - a +0 short sword
 t - a +0 club
 w - a +6 whip (weapon)
Missiles
 j - 56 arrows
 q - 42 bolts
Armour
 a - a +0 scale mail
 b - a +0 kite shield (worn)
 l - a +0 leather armour
 u - a +1 plate armour (worn)
Wands
 h - a wand of polymorph (10)
Scrolls
 d - a scroll of enchant weapon
 g - a scroll of remove curse
 i - 2 scrolls of identify
 m - 3 scrolls of teleportation
Potions
 c - a potion of might
 e - a potion of invisibility
 f - a potion of cancellation
 v - a potion of degeneration {unknown}
 x - a potion of attraction {unknown}
 z - a potion of curing
 A - a potion of lignification {unknown}


   Skills:
 + Level 4.3 Fighting
 + Level 0.8 Short Blades
 + Level 1.2 Maces & Flails
 + Level 4.1 Armour
 + Level 0.2 Dodging
 + Level 0.8 Stealth
 + Level 3.3 Shields
 - Level 2.2 Unarmed Combat


You had 4 spell levels left.
You didn't know any spells.
Your spell library was empty.

Dungeon Overview and Level Annotations

Branches:
Dungeon (4/15)
 Temple: D:4-7

Altars:
Dithmenos
Fedhas


Innate Abilities, Weirdness & Mutations

You thrive by killing the living.
You are immune to poison.
You have sharp fingernails.
Your flesh is cold resistant. (rC+)
You are immune to negative energy. (rN+++)
You do not regenerate when monsters are visible.
You are immune to unholy pain and torment.
You can survive without breathing.


Message History

You block the gnoll's attack. The gnoll hits you but does no damage.
You whack the gnoll!
You kill the gnoll!
The gnoll hits you from afar with a +0 halberd.
The gnoll hits you but does no damage.
Items here: ))) ? †.
A gnoll is nearby!
You block the gnoll's attack. The gnoll hits you with a +0 halberd.
Your plate armour prevents you from hitting the gnoll.
The gnoll hits you with a +0 halberd!
* * * LOW HITPOINT WARNING * * *
You hit the gnoll.
The gnoll is lightly wounded.
The gnoll hits you but does no damage.
You barely miss the gnoll. The gnoll hits you but does no damage.
You whack the gnoll!
The gnoll is severely wounded.
The gnoll hits you with a +0 halberd!
You die...

### #.# #.#######
#........ #.######.
#.# #. #.# #.
..########## #.# #.
........@g.# #.# #.
.#########.######.#.
#. #.............#..
#. #.#..#........#
.. #.
#..#...#...###.#.#.
#. #.#.#.#.# #.....
#. #.#(#.#.# ###.#.
# #.#.#.#.# #.#.
..#.#.#.# # #.


You could see a gnoll.

Vanquished Creatures
  An iguana (D:4)
  7 gnolls
  4 adders
  An adder skeleton (D:4)
  2 dart slugs
  A leopard gecko (D:1)
  3 orcs (D:4)
  4 giant cockroaches
  3 goblins
  4 hobgoblins
  6 jackals
  5 kobolds
  5 bats
  2 frilled lizards
  A quokka skeleton (D:4)
  8 rats
57 creatures vanquished.

Vanquished Creatures (others)
  A plant (D:1)
1 creature vanquished.

Grand Total: 58 creatures vanquished

Notes
Turn   | Place    | Note
-------+----------+-------------------------------------------
     0 | D:1      | sasd the Ghoul Fighter began the quest for the Orb.
     0 | D:1      | Reached XP level 1. HP: 19/19 MP: 0/0
   526 | D:1      | Reached XP level 2. HP: 27/27 MP: 1/1
  2081 | D:2      | Reached XP level 3. HP: 30/33 MP: 2/2
  2137 | D:2      | Reached XP level 4. HP: 7/40 MP: 3/3
  3110 | D:3      | Found a shadowy altar of Dithmenos.
  3780 | D:3      | Found a blossoming altar of Fedhas.
  4439 | D:4      | Reached XP level 5. HP: 40/46 MP: 4/4
  4440 | D:4      | Reached skill level 1 in Maces & Flails
  4594 | D:4      | Slain by a gnoll

Illustrated notes

Levels and vault maps discovered:
D:1:      saegor_arrival_under_anarchy, layout_basic
D:2:      layout_basic
D:3:      layout_basic, nicolae_overflow_crystal_walls, fedhas_altar_4
D:4:      layout_basic, kennysheep_ying_yang

Skill      XL: |  1  2  3  4  5 |
---------------+----------------+-----
Armour         | 3 4 |  4.1
Shields        | 3 |  3.3
Fighting       | 4 |  4.3
Maces & Flails | 1 |  1.2
Short Blades   | |  0.8
Dodging        | |  0.2
Stealth        | |  0.8
Unarmed Combat | |  2.2

Action                   |  1- 3 |  4- 6 || total
-------------------------+-------+-------++-------
Melee: Unarmed           |    43 |       ||    43
       Short sword       |    49 |     2 ||    51
       Whip              |       |   111 ||   111
  Use: Potion            |     1 |     2 ||     3
       Scroll            |       |    12 ||    12
Armor: Scale mail        |    18 |       ||    18
       Plate armour      |    26 |    83 ||   109
Dodge: Dodged            |    18 |    10 ||    28
Block: Kite shield       |    39 |    51 ||    90

Table legend: (Time is in decaauts)
 A = Elapsed time spent in this place.
 B = Non-inter-level travel time spent in this place.
 C = Inter-level travel time spent in this place.
 D = Time resting spent in this place.
 E = Time spent auto-exploring this place.
 F = Levels seen in this place.
 G = Mean time per level.
                   A        B        C        D        E       F      G
               +--------+--------+--------+--------+--------+-----+--------+
         Total |   4621 |   4549 |     72 |    500 |    469 |   4 | 1155.2 |
       Dungeon |   4621 |   4549 |     72 |    500 |    469 |   4 | 1155.2 |
               +--------+--------+--------+--------+--------+-----+--------+

Top non-repeatable levels by time:
     D:1: 1722 daAuts
     D:2: 1369 daAuts
     D:3: 1341 daAuts
     D:4: 188 daAuts
